TOP OF THE 1ST |
Walla Walla All-Stars batting - Pitching for Las Vegas Stars : RHP Tim Harmon
|
Pitching: RHP Tim Harmon
|
|
Batting: RHB Leslie Penn
|
0-0: Called Strike 0-1: Ball 1-1: Swinging Strike 1-2: Ball 2-2: Ball 3-2: Foul Ball, location: 2F 3-2: Base on Balls
|
Batting: SHB Sean Carr
|
0-0: Called Strike 0-1: Called Strike 0-2: Ball 1-2: Ball 2-2: Ball 3-2: Base on Balls Leslie Penn to second
|
Batting: RHB Lorenzo Morín
|
0-0: Swinging Strike 0-1: Foul Ball, location: 2F 0-2: Ball 1-2: Ball 2-2: Fly out, F8 (Flyball, 8RS)
|
Batting: RHB Claudio Guerra
|
0-0: Foul Ball, location: 2F 0-1: Foul Ball, location: 2F 0-2: Foul Ball, location: 2F 0-2: Foul Ball, location: 2F 0-2: Ball 1-2: Ball 2-2: Strikes out swinging
|
Batting: LHB Keith Beard
|
0-0: Ball 1-0: Foul Ball, location: 2F 1-1: Ball 2-1: Foul Ball, location: 2F 2-2: Fly out, F7 (Popup, 7S)
|
Top of the 1st over - 0 run(s), 0 hit(s), 0 error(s), 2 left on base; Walla Walla 0 - Las Vegas 0 |
BOTTOM OF THE 1ST |
Las Vegas Stars batting - Pitching for Walla Walla All-Stars : RHP Carlos Hendrix
|
Pitching: RHP Carlos Hendrix
|
|
Batting: RHB Brian George
|
0-0: Called Strike 0-1: Ball 1-1: Foul Ball, location: 2F 1-2: Ball 2-2: Ball 3-2: Ground out 5-3 (Groundball, 5)
|
Batting: RHB Ron Shelton
|
0-0: Ball 1-0: Called Strike 1-1: Foul Ball, location: 2F 1-2: Ball 2-2: Ball 3-2: Base on Balls
|
Batting: LHB Paco Rivera
|
0-0: Ball 1-0: Ball 2-0: Ball 3-0: Called Strike 3-1: Foul Ball, location: 2F 3-2: Foul Ball, location: 2F 3-2: Base on Balls Ron Shelton to second
|
Batting: LHB Ricardo Vargas
|
0-0: Ball 1-0: Ball 2-0: Called Strike 2-1: SINGLE (Line Drive, 6D) Ron Shelton to third Paco Rivera to second Runner from 3rd tries for Home, SAFE, throw made home Paco Rivera to third Ricardo Vargas to second
|
Batting: LHB Evan Slootweg
|
0-0: Swinging Strike 0-1: Foul Ball, location: 2F 0-2: Ground out 5-3 (Groundball, 5L)
|
Batting: LHB Parker Marshall
|
0-0: Ball 1-0: 3-RUN HOME RUN (Flyball, 9D), Distance : 406 ft
|
Batting: RHB Albert Rodríguez
|
0-0: Called Strike 0-1: Ball 1-1: Ground out 6-3 (Groundball, 6M)
|
Bottom of the 1st over - 4 run(s), 2 hit(s), 0 error(s), 0 left on base; Walla Walla 0 - Las Vegas 4 |
TOP OF THE 2ND |
Walla Walla All-Stars batting - Pitching for Las Vegas Stars : RHP Tim Harmon
|
Batting: RHB Pablo Lucero
|
0-0: Ball 1-0: Ball 2-0: Called Strike 2-1: Fly out, F7 (Flyball, 78S)
|
Batting: LHB Mike Young
|
0-0: Ball 1-0: Called Strike 1-1: Ground out 1-3 (Groundball, 13)
|
Batting: RHB Jim Dunbar
|
0-0: Ball 1-0: Ground out 4-3 (Groundball, 4)
|
Top of the 2nd over - 0 run(s), 0 hit(s), 0 error(s), 0 left on base; Walla Walla 0 - Las Vegas 4 |
BOTTOM OF THE 2ND |
Las Vegas Stars batting - Pitching for Walla Walla All-Stars : RHP Carlos Hendrix
|
Batting: RHB Cole Bradley
|
0-0: Called Strike 0-1: Ball 1-1: Ball 2-1: Ball 3-1: Base on Balls
|
Batting: LHB José Padilla
|
0-0: Ball 1-0: Swinging Strike 1-1: Called Strike 1-2: SINGLE (Groundball, 34) Cole Bradley to second Runner from 2nd tries for 3rd, OUT!
|
Batting: RHB Brian George
|
0-0: Ball 1-0: Called Strike 1-1: Foul Ball, location: 2F 1-2: Ball 2-2: Ball 3-2: Fly out, F5 (Line Drive, 5L)
|
Batting: RHB Ron Shelton
|
0-0: Ball 1-0: Ball 2-0: Ball 3-0: Called Strike 3-1: Base on Balls José Padilla to second
|
Batting: LHB Paco Rivera
|
0-0: Fielders Choice at 2nd, U6 (Groundball, 6M)
|
Bottom of the 2nd over - 0 run(s), 1 hit(s), 0 error(s), 2 left on base; Walla Walla 0 - Las Vegas 4 |
TOP OF THE 3RD |
Walla Walla All-Stars batting - Pitching for Las Vegas Stars : RHP Tim Harmon
|
Batting: SHB Clinton Watson
|
0-0: Ball 1-0: Ball 2-0: Ball 3-0: Base on Balls
|
Batting: RHB Leslie Penn
|
0-0: Foul Ball, location: 2F 0-1: Reached on error, E5 (Groundball, 5S) Clinton Watson to second
|
Batting: SHB Sean Carr
|
0-0: Ball 1-0: Called Strike 1-1: SINGLE (Groundball, 6MD) Clinton Watson to third Leslie Penn to second Runner from 3rd tries for Home, SAFE, no throw or cutoff
|
Batting: RHB Lorenzo Morín
|
0-0: Ball 1-0: Grounds into double play, 5-4-3 (Groundball, 56) Leslie Penn to third
|
Batting: RHB Claudio Guerra
|
0-0: Ball 1-0: Ball 2-0: Ball 3-0: Called Strike 3-1: Base on Balls
|
Batting: LHB Keith Beard
|
0-0: Fielders Choice at 2nd, U4 (Groundball, 4M)
|
Top of the 3rd over - 1 run(s), 1 hit(s), 1 error(s), 2 left on base; Walla Walla 1 - Las Vegas 4 |
BOTTOM OF THE 3RD |
Las Vegas Stars batting - Pitching for Walla Walla All-Stars : RHP Carlos Hendrix
|
Batting: LHB Ricardo Vargas
|
0-0: Ball 1-0: Ball 2-0: Swinging Strike 2-1: Ball 3-1: Fly out, F7 (Flyball, 7M)
|
Batting: LHB Evan Slootweg
|
0-0: Swinging Strike 0-1: Ball 1-1: Ball 2-1: Called Strike 2-2: Ground out 3-1 (Groundball, 34)
|
Batting: LHB Parker Marshall
|
0-0: Ball 1-0: Ball 2-0: Ground out 4-3 (Groundball, 4)
|
Bottom of the 3rd over - 0 run(s), 0 hit(s), 0 error(s), 0 left on base; Walla Walla 1 - Las Vegas 4 |
TOP OF THE 4TH |
Walla Walla All-Stars batting - Pitching for Las Vegas Stars : RHP Tim Harmon
|
Batting: RHB Pablo Lucero
|
0-0: Foul Ball, location: 2F 0-1: Ball 1-1: Swinging Strike 1-2: Strikes out looking
|
Batting: LHB Mike Young
|
0-0: Ball 1-0: Swinging Strike 1-1: Foul Ball, location: 2F 1-2: Ball 2-2: Ground out 5-3 (Groundball, 5)
|
Batting: RHB Jim Dunbar
|
0-0: Called Strike 0-1: Ball 1-1: Swinging Strike 1-2: Strikes out swinging
|
Top of the 4th over - 0 run(s), 0 hit(s), 0 error(s), 0 left on base; Walla Walla 1 - Las Vegas 4 |
BOTTOM OF THE 4TH |
Las Vegas Stars batting - Pitching for Walla Walla All-Stars : RHP Carlos Hendrix
|
Batting: RHB Albert Rodríguez
|
0-0: Called Strike 0-1: Fly out, F7 (Line Drive, 7D)
|
Batting: RHB Cole Bradley
|
0-0: Ball 1-0: Fly out, F8 (Flyball, 8RM)
|
Batting: LHB José Padilla
|
0-0: Ball 1-0: Fly out, F7 (Popup, 5D)
|
Bottom of the 4th over - 0 run(s), 0 hit(s), 0 error(s), 0 left on base; Walla Walla 1 - Las Vegas 4 |
TOP OF THE 5TH |
Walla Walla All-Stars batting - Pitching for Las Vegas Stars : RHP Tim Harmon
|
Batting: SHB Clinton Watson
|
0-0: Swinging Strike 0-1: Swinging Strike 0-2: Ball 1-2: Ball 2-2: Ball 3-2: Foul Ball, location: 2F 3-2: Ground out 1-3 (Groundball, 13)
|
Batting: RHB Leslie Penn
|
0-0: Swinging Strike 0-1: Swinging Strike 0-2: Foul Ball, location: 2F 0-2: Strikes out swinging
|
Batting: SHB Sean Carr
|
0-0: Called Strike 0-1: Ball 1-1: Swinging Strike 1-2: SINGLE (Groundball, 34D)
|
Batting: RHB Lorenzo Morín
|
0-0: Called Strike 0-1: Ball 1-1: Ball 2-1: Fly out, F8 (Flyball, 8LD)
|
Top of the 5th over - 0 run(s), 1 hit(s), 0 error(s), 1 left on base; Walla Walla 1 - Las Vegas 4 |
BOTTOM OF THE 5TH |
Las Vegas Stars batting - Pitching for Walla Walla All-Stars : RHP Carlos Hendrix
|
Batting: RHB Brian George
|
0-0: Called Strike 0-1: Ground out 6-3 (Groundball, 6MS)
|
Batting: RHB Ron Shelton
|
0-0: Called Strike 0-1: Ball 1-1: Foul Ball, location: 2F 1-2: SINGLE (Flyball, 4MD)
|
Batting: LHB Paco Rivera
|
0-0: Called Strike 0-1: Swinging Strike 0-2: Ball 1-2: DOUBLE (Line Drive, 7LM) Ron Shelton to third
|
Batting: LHB Ricardo Vargas
|
0-0: Ball 1-0: Ball 2-0: Foul Ball, location: 2F 2-1: Fly out, F5 (Popup, 5L)
|
Batting: LHB Evan Slootweg
|
0-0: Ball 1-0: Called Strike 1-1: Foul Ball, location: 2F 1-2: Ball 2-2: SINGLE (Line Drive, 89M) Ron Shelton scores Paco Rivera to third
|
Batting: LHB Parker Marshall
|
0-0: Ball 1-0: Called Strike 1-1: Called Strike 1-2: Ball 2-2: Fly out, F8 (Line Drive, 8LM)
|
Bottom of the 5th over - 1 run(s), 3 hit(s), 0 error(s), 2 left on base; Walla Walla 1 - Las Vegas 5 |
TOP OF THE 6TH |
Walla Walla All-Stars batting - Pitching for Las Vegas Stars : RHP Tim Harmon
|
Batting: RHB Claudio Guerra
|
0-0: Ball 1-0: Ball 2-0: Ball 3-0: Base on Balls
|
Batting: LHB Keith Beard
|
0-0: Ball 1-0: Foul Ball, location: 2F 1-1: Called Strike 1-2: Grounds into double play, 6-4-3 (Groundball, 6)
|
Batting: RHB Pablo Lucero
|
0-0: Ball 1-0: Called Strike 1-1: SINGLE (Groundball, 56S) (infield hit)
|
Batting: LHB Mike Young
|
0-0: Ball Pablo Lucero steals 2nd base 1-0: Called Strike 1-1: Ball 2-1: Swinging Strike 2-2: Ball 3-2: Fly out, F8 (Popup, 6MD)
|
Top of the 6th over - 0 run(s), 1 hit(s), 0 error(s), 1 left on base; Walla Walla 1 - Las Vegas 5 |
BOTTOM OF THE 6TH |
Las Vegas Stars batting - Pitching for Walla Walla All-Stars : RHP Carlos Hendrix
|
Batting: RHB Albert Rodríguez
|
0-0: Foul Ball, location: 2F 0-1: Ground out 6-3 (Groundball, 6M)
|
Batting: RHB Cole Bradley
|
0-0: Swinging Strike 0-1: Ball 1-1: Foul Ball, location: 2F 1-2: Fly out, F9 (Flyball, 89M)
|
Batting: LHB José Padilla
|
0-0: Called Strike 0-1: Fly out, F7 (Flyball, 7M)
|
Bottom of the 6th over - 0 run(s), 0 hit(s), 0 error(s), 0 left on base; Walla Walla 1 - Las Vegas 5 |
TOP OF THE 7TH |
Walla Walla All-Stars batting - Pitching for Las Vegas Stars : RHP Tim Harmon
|
Pitching: RHP Jorge Ibarra
|
|
Batting: RHB Jim Dunbar
|
0-0: Ball 1-0: Ball 2-0: Called Strike 2-1: Ball 3-1: Base on Balls
|
Batting: SHB Clinton Watson
|
0-0: Ball 1-0: Swinging Strike 1-1: Called Strike 1-2: Strikes out looking
|
Batting: RHB Leslie Penn
|
0-0: Ball 1-0: Foul Ball, location: 2F 1-1: Ball Wild Pitch! Jim Dunbar to second 2-1: Foul Ball, location: 2F 2-2: Foul Ball, location: 2F 2-2: Foul Ball, location: 2F 2-2: Ball 3-2: Foul Ball, location: 2F 3-2: Base on Balls
|
Batting: SHB Sean Carr
|
0-0: Called Strike 0-1: Foul Ball, location: 2F 0-2: Foul Ball, location: 2F 0-2: Ball 1-2: Fly out, F9 (Line Drive, 89S)
|
Batting: RHB Lorenzo Morín
|
0-0: Ball Wild Pitch! Jim Dunbar to third Leslie Penn to second 1-0: Ball 2-0: Ball 3-0: Base on Balls
|
Batting: RHB Claudio Guerra
|
0-0: Ball 1-0: Foul Ball, location: 2F 1-1: Ground out 2-3 (Groundball, 2L)
|
Top of the 7th over - 0 run(s), 0 hit(s), 0 error(s), 3 left on base; Walla Walla 1 - Las Vegas 5 |
BOTTOM OF THE 7TH |
Las Vegas Stars batting - Pitching for Walla Walla All-Stars : RHP Carlos Hendrix
|
Pitching: LHP Pedro Torres
|
|
Batting: RHB Brian George
|
0-0: Swinging Strike 0-1: Ball 1-1: Ball 2-1: Foul Ball, location: 2F 2-2: Foul Ball, location: 2F 2-2: Ball 3-2: Foul Ball, location: 2F 3-2: Ground out 6-3 (Groundball, 6M)
|
Batting: RHB Ron Shelton
|
0-0: Called Strike 0-1: Ball 1-1: SINGLE (Line Drive, 89S)
|
Batting: LHB Paco Rivera
|
0-0: Fly out, F8 (Popup, 6MD)
|
Batting: LHB Ricardo Vargas
|
0-0: Foul Ball, location: 2F 0-1: Ball 1-1: Ball 2-1: Ball 3-1: Ground out 4-3 (Groundball, 4)
|
Bottom of the 7th over - 0 run(s), 1 hit(s), 0 error(s), 1 left on base; Walla Walla 1 - Las Vegas 5 |
TOP OF THE 8TH |
Walla Walla All-Stars batting - Pitching for Las Vegas Stars : RHP Jorge Ibarra
|
Batting: LHB Keith Beard
|
0-0: Foul Ball, location: 2F 0-1: Foul Ball, location: 2F 0-2: Foul Ball, location: 2F 0-2: Ground out 4-3 (Groundball, 4M)
|
Batting: RHB Pablo Lucero
|
0-0: Called Strike 0-1: Called Strike 0-2: Ground out U3 (Groundball, 3S)
|
Batting: LHB Mike Young
|
0-0: Called Strike 0-1: Called Strike 0-2: Ground out U3 (Groundball, 3S)
|
Top of the 8th over - 0 run(s), 0 hit(s), 0 error(s), 0 left on base; Walla Walla 1 - Las Vegas 5 |
BOTTOM OF THE 8TH |
Las Vegas Stars batting - Pitching for Walla Walla All-Stars : LHP Pedro Torres
|
Batting: LHB Evan Slootweg
|
0-0: Ball 1-0: SINGLE (Groundball, 34D)
|
Batting: LHB Parker Marshall
|
0-0: Bunted foul 0-1: Bunted foul 0-2: Strikes out swinging
|
Batting: RHB Albert Rodríguez
|
0-0: Ball 1-0: Ball 2-0: Ball 3-0: Base on Balls Evan Slootweg to second
|
Batting: RHB Cole Bradley
|
0-0: Ball Wild Pitch! Evan Slootweg to third Albert Rodríguez to second 1-0: Intentional Walk
|
Batting: LHB José Padilla
|
0-0: Swinging Strike 0-1: Fly out, F8 (Popup, 6MD)
|
Batting: RHB Brian George
|
0-0: Called Strike 0-1: Ground out 1-3 (Groundball, 13)
|
Bottom of the 8th over - 0 run(s), 1 hit(s), 0 error(s), 3 left on base; Walla Walla 1 - Las Vegas 5 |
TOP OF THE 9TH |
Walla Walla All-Stars batting - Pitching for Las Vegas Stars : RHP Jorge Ibarra
|
Batting: RHB Jim Dunbar
|
0-0: Bunt for hit - play at first, batter OUT! 5-3
|
Batting: SHB Clinton Watson
|
0-0: SINGLE (Line Drive, 8RS)
|
Batting: RHB Leslie Penn
|
0-0: Grounds into double play, 5-4-3 (Groundball, 56)
|
Top of the 9th over - 0 run(s), 1 hit(s), 0 error(s), 0 left on base; Walla Walla 1 - Las Vegas 5 |
|